 Dungeon Crawl Stone Soup version 0.31-a0-1154-gadca813884 (webtiles) character file.

Game seed: 10095577778403611714

144 Arzdou the Sneak (level 5, -5/31 HPs)
             Began as an Octopode Fire Elementalist on Dec 7, 2023.
             Succumbed to poison (poison gas)
             ... on level 4 of the Dungeon.
             The game lasted 00:04:51 (2990 turns).

Arzdou the Sneak (Octopode Fire Elementalist)       Turns: 2990, Time: 00:04:52

Health: -5/31      AC:  1    Str:  8    XL:     5   Next: 27%
Magic:  9/9        EV: 13    Int: 19    God:
Gold:   218        SH:  0    Dex: 12    Spells: 7/10 levels left

rFire   + . .        b - +0 short sword
rCold   x . .        (no shield)
rNeg    . . .        (helmet restricted)
rPois   .            (no amulet)
rElec   .            d - ring of fire
rCorr   .            (no ring)
SInv    .            (no ring)
Will    .....        (no ring)
Stlth   ++++         (no ring)
HPRegen 0.25/turn    (no ring)
MPRegen 0.11/turn    (no ring)
                     (no ring)

%: no passive effects
@: lethally poisoned (-5 -> -50)
A: almost no armour, amphibious, 8 rings, camouflage 1, gelatinous body 1,
(nimble swimmer 1), tentacles
a: no special abilities


You were on level 4 of the Dungeon.
You visited 1 branch of the dungeon, and saw 4 of its levels.

You collected 218 gold pieces.

Inventory:

Hand Weapons
 b - a +0 short sword (weapon)
Jewellery
 d - a ring of fire (left tentacle)
 p - a +6 ring of strength
Wands
 k - a wand of paralysis (5)
Scrolls
 c - a scroll of silence {unknown}
 e - 2 scrolls of amnesia {unknown}
 f - 2 scrolls of revelation {unknown}
 g - a scroll of teleportation {unknown}
 i - 3 scrolls of identify {unknown}
 m - a scroll of fear {unknown}
 n - a scroll of poison {unknown}
Potions
 a - 3 potions of magic
 h - a potion of lignification {unknown}
 j - a potion of attraction {unknown}
 l - a potion of heal wounds {unknown}
 o - a potion of enlightenment {unknown}
 q - a potion of resistance


   Skills:
 - Level 2.0 Dodging
 + Level 4.8 Stealth
 + Level 3.1 Spellcasting
 + Level 1.2 Conjurations
 + Level 4.0 Fire Magic


You had 7 spell levels left.
You knew the following spells:

 Your Spells              Type           Power      Damage    Failure   Level
a - Foxfire               Conj/Fire      76%        2x1d7     4%          1
b - Scorch                Fire           54%        2d7       4%          2

Your spell library contained the following spells:

 Spells                   Type           Power      Damage    Failure   Level
 Inner Flame              Hex/Fire       16%        N/A       21%         3
 Volatile Blastmotes      Fire/Tloc      32%        2d12      21%         3
 Flame Wave               Conj/Fire      19%        2d7       45%         4


Dungeon Overview and Level Annotations

Branches:
Dungeon (4/15)
 Temple: D:4-7

Altars:
Nemelex Xobeh
Uskayaw

Annotations:
D:4 1 transporter


Innate Abilities, Weirdness & Mutations

You cannot wear most types of armour.
You are amphibious.
You can wear up to eight rings at the same time.
Your skin changes colour to match your surroundings (Stealth+).
Your rubbery body absorbs attacks. (AC +1, EV +1)
((You are camouflaged when in or above water. (Stealth+)))
You have tentacles for arms and can constrict up to eight enemies at once.


Message History

You kill the rat!
There is a stone staircase leading down here.
You see here a +0 short sword.
An endoplasm comes into view.
The endoplasm quivers.
Casting: Foxfire (safe; 4% risk of failure)
Confirm with . or Enter, or press ? or * to list all spells.
You feel a surge of power!
Flames lash the endoplasm.
You kill the endoplasm!
Found a stone staircase leading up.
There is a stone staircase leading up here.
Done exploring.
Done exploring.
There is a stone staircase leading down here.
You climb downwards.
Found an escape hatch in the floor.
Found a transporter.
There is a stone staircase leading up here.
There is a stone staircase leading up here.
Partly explored, unvisited transporter.
Partly explored, unvisited transporter.
There is a transporter here.
There is a transporter here.
You enter the transporter and appear at another place.
q - a potion of resistance
There are no items here.
You open the gate. 2 ogre zombies and a gnoll sergeant zombie come into view.
An ogre zombie is wielding a +0 giant club of venom.
An ogre zombie is wielding a +0 giant club of venom.
The gnoll sergeant zombie is wielding a +1 trident of venom.
Found a scroll labelled FILLEICS XALUT, 40 gold pieces and a falchion.
Found a transporter.
A gnoll sergeant zombie comes into view.
It is wielding a +1 trident of venom.
You are engulfed in poison gas.
You are poisoned.
You feel very sick.
There is an open gate here.
You are engulfed in poison gas.
You are lethally poisoned!
You feel extremely sick.
Found 6 stones.
You are engulfed in poison gas.
You are more poisoned.
* * * LOW HITPOINT WARNING * * *
You die...

##.....(
#......
##.©...
###########
#○○○)©$○○○#
#○Z○$?$○°○#
#°☼○...○○○#
#○○○☼@○○☼.#
#○○ZZ☼°Z○○#
####○○○####
#.○...°°#
#○☼#.#○○#
#°○...○○###
#○○#©#○○#.##
#○°☼☼○°○#..##
#...°°.○#...#


You could see 2 gnoll sergeant zombies and 2 ogre zombies.

Vanquished Creatures
  An orc priest (D:3)
  Robin (D:2)
  2 adders (D:2)
  A worm (D:2)
  A dart slug (D:3)
  3 orcs (D:3)
  12 endoplasms
  11 hobgoblins
  6 jackals
  3 quokkas
  9 ball pythons
  3 bats
  2 frilled lizards
  10 goblins
  4 kobolds
  A rat (D:3)
70 creatures vanquished.

Vanquished Creatures (collateral kills)
  5 foxfires (D:1)
5 creatures vanquished.

Vanquished Creatures (others)
  93 foxfires
93 creatures vanquished.

Grand Total: 168 creatures vanquished

Notes
Turn   | Place    | Note
-------+----------+-------------------------------------------
     0 | D:1      | Arzdou the Octopode Fire Elementalist began the quest for
                  | the Orb.
     0 | D:1      | Reached XP level 1. HP: 11/11 MP: 3/3
   255 | D:1      | Reached XP level 2. HP: 17/17 MP: 3/5
   682 | D:1      | Reached XP level 3. HP: 21/21 MP: 6/6
   815 | D:1      | Learned a level 2 spell: Scorch
  1109 | D:2      | Noticed Robin
  1226 | D:2      | Killed Robin
  1227 | D:2      | Reached XP level 4. HP: 22/27 MP: 2/8
  1789 | D:2      | You fall into a shaft and drop 1 floor!
  1856 | D:3      | Reached XP level 5. HP: 24/31 MP: 2/9
  2465 | D:3      | Found a sparkling altar of Nemelex Xobeh.
  2466 | D:3      | Found a hide-covered altar of Uskayaw.
  2959 | D:4      | Found a transporter.
  2987 | D:4      | Found a transporter.
  2990 | D:4      | Succumbed to poison (poison gas)

Illustrated notes

Levels and vault maps discovered:
D:1:      lemuel_arrival_behind_the_door_small, layout_loops_cross,
          serial_bayou, serial_bayou_pond_c, serial_bayou_pond_b,
          serial_bayou_crossing, serial_bayou_lagoon_a, serial_bayou_ford_a
D:2:      layout_basic, uniq_robin
D:3:      layout_basic, mainiacjoe_overflow_divided_tiny
D:4:      gammafunk_cloud_chamber, layout_cave_pods,
          chequers_serial_rivers_large_b

Skill      XL: |  1  2  3  4  5 |
---------------+----------------+-----
Stealth        | 3 4 |  4.8
Spellcasting   | 3 |  3.1
Fire Magic     | 4 |  4.0
Dodging        | |  2.0
Conjurations   | |  1.2

Action                     |  1- 3 |  4- 6 || total
---------------------------+-------+-------++-------
  Melee: Unarmed           |     6 |       ||     6
         Short sword       |    13 |    25 ||    38
         Tentacles         |     5 |     5 ||    10
         Constrict         |     2 |     5 ||     7
   Cast: Foxfire           |    36 |    20 ||    56
         Scorch            |     8 |     9 ||    17
   Stab: Sleeping          |       |     5 ||     5
 Armour: Skin              |    18 |     9 ||    27
  Dodge: Dodged            |    23 |    11 ||    34

Table legend: (Time is in decaauts)
 A = Elapsed time spent in this place.
 B = Non-inter-level travel time spent in this place.
 C = Inter-level travel time spent in this place.
 D = Time resting spent in this place.
 E = Time spent auto-exploring this place.
 F = Levels seen in this place.
 G = Mean time per level.
                   A        B        C        D        E       F      G
               +--------+--------+--------+--------+--------+-----+--------+
         Total |   2989 |   2934 |     55 |     44 |   2465 |   4 |  747.2 |
       Dungeon |   2989 |   2934 |     55 |     44 |   2465 |   4 |  747.2 |
               +--------+--------+--------+--------+--------+-----+--------+

Top non-repeatable levels by time:
     D:3: 1169 daAuts
     D:1: 1045 daAuts
     D:2: 743 daAuts
     D:4: 30 daAuts
